TOP OF THE 1ST |
Texas Longhorns batting - Pitching for Virginia Cavaliers : RHP Felipe Ortíz
|
Pitching: RHP Felipe Ortíz
|
|
Batting: LHB Matt Turner
|
0-0: SINGLE (Flyball, 78S)
|
Batting: SHB Dave Hickman
|
0-0: Swinging Strike 0-1: Swinging Strike 0-2: Ball 1-2: Ball 2-2: Strikes out swinging
|
Batting: LHB Bill Turner
|
0-0: Called Strike Matt Turner is caught stealing 2nd base 0-1: Foul Ball, location: 2F 0-2: SINGLE (Line Drive, 56D)
|
Batting: RHB Jonathan Boyer
|
0-0: SINGLE (Flyball, 9LM) Bill Turner to second Runner from 2nd tries for 3rd, SAFE, no throw
|
Batting: RHB Norm Martin
|
0-0: Called Strike 0-1: Ground out 4-3 (Groundball, 4)
|
Top of the 1st over - 0 runs, 3 hits, 0 errors, 2 left on base; Texas 0 - Virginia 0 |
BOTTOM OF THE 1ST |
Virginia Cavaliers batting - Pitching for Texas Longhorns : RHP Henry Casey
|
Pitching: RHP Henry Casey
|
|
Batting: LHB Andrés Méndez
|
0-0: Ground out 4-3 (Groundball, 4)
|
Batting: LHB Jason Thompson
|
0-0: Foul Ball, location: 2F 0-1: Foul Ball, location: 2F 0-2: Strikes out swinging
|
Batting: LHB Jack Davis
|
0-0: Foul Ball, location: 2F 0-1: Ball 1-1: Ball 2-1: Foul Ball, location: 2F 2-2: Ball 3-2: Strikes out swinging
|
Bottom of the 1st over - 0 runs, 0 hits, 0 errors, 0 left on base; Texas 0 - Virginia 0 |
TOP OF THE 2ND |
Texas Longhorns batting - Pitching for Virginia Cavaliers : RHP Felipe Ortíz
|
Batting: RHB Curtis Lawson
|
0-0: Foul Ball, location: 2F 0-1: Ball 1-1: Ball 2-1: Swinging Strike 2-2: Foul Ball, location: 2F 2-2: Foul Ball, location: 2F 2-2: Ball 3-2: Base on Balls
|
Batting: RHB David Stephens
|
0-0: Foul Ball, location: 2F 0-1: Swinging Strike 0-2: Foul Ball, location: 2F 0-2: Strikes out swinging
|
Batting: LHB Jim Davis
|
0-0: Called Strike Curtis Lawson is caught stealing 2nd base 0-1: Ball 1-1: Swinging Strike 1-2: Ball 2-2: Foul Ball, location: 2F 2-2: Ground out 4-3 (Groundball, 4)
|
Top of the 2nd over - 0 runs, 0 hits, 0 errors, 0 left on base; Texas 0 - Virginia 0 |
BOTTOM OF THE 2ND |
Virginia Cavaliers batting - Pitching for Texas Longhorns : RHP Henry Casey
|
Batting: LHB Randy Pérez
|
0-0: Ball 1-0: Foul Ball, location: 2F 1-1: Ball 2-1: Swinging Strike 2-2: Strikes out looking
|
Batting: RHB Randy Love
|
0-0: Ball 1-0: Foul Ball, location: 2F 1-1: Swinging Strike 1-2: SINGLE (Groundball, 6MD)
|
Batting: SHB Ed Hall
|
0-0: Called Strike 0-1: Called Strike 0-2: Ball 1-2: Ball 2-2: Foul Ball, location: 2F 2-2: Fly out, F5 (Popup, 5)
|
Batting: RHB Anthony Scott
|
0-0: Ball 1-0: Ball 2-0: Fly out, F4 (Flyball, 34D)
|
Bottom of the 2nd over - 0 runs, 1 hit, 0 errors, 1 left on base; Texas 0 - Virginia 0 |
TOP OF THE 3RD |
Texas Longhorns batting - Pitching for Virginia Cavaliers : RHP Felipe Ortíz
|
Batting: RHB Bob Pugh
|
0-0: Foul Ball, location: 2F 0-1: Ball 1-1: Ball 2-1: Called Strike 2-2: Foul Ball, location: 2F 2-2: Ball 3-2: Base on Balls
|
Batting: LHB Matt Turner
|
0-0: Ball 1-0: Ball 2-0: Called Strike 2-1: Ball Bob Pugh steals 2nd base 3-1: Fly out, F3 (Line Drive, 3)
|
Batting: SHB Dave Hickman
|
0-0: Ground out 6-3 (Groundball, 6) Bob Pugh to third
|
Batting: LHB Bill Turner
|
0-0: Foul Ball, location: 2F 0-1: Foul Ball, location: 2F 0-2: Foul Ball, location: 2F 0-2: Ball 1-2: Strikes out swinging
|
Top of the 3rd over - 0 runs, 0 hits, 0 errors, 1 left on base; Texas 0 - Virginia 0 |
BOTTOM OF THE 3RD |
Virginia Cavaliers batting - Pitching for Texas Longhorns : RHP Henry Casey
|
Batting: RHB Mark Greene
|
0-0: Ball 1-0: Called Strike 1-1: Ball 2-1: Ball 3-1: Foul Ball, location: 2F 3-2: Base on Balls
|
Batting: SHB Ed Andrews
|
0-0: Ball 1-0: Called Strike 1-1: Foul Ball, location: 2F 1-2: Ball 2-2: Fielders Choice at 2nd, 5-4 (Groundball, 5)
|
Batting: LHB Andrés Méndez
|
0-0: Called Strike 0-1: Ball 1-1: Fly out, F7 (Flyball, 7)
|
Batting: LHB Jason Thompson
|
0-0: Swinging Strike 0-1: Ball 1-1: Ball 2-1: Foul Ball, location: 2F 2-2: Strikes out swinging
|
Bottom of the 3rd over - 0 runs, 0 hits, 0 errors, 1 left on base; Texas 0 - Virginia 0 |
TOP OF THE 4TH |
Texas Longhorns batting - Pitching for Virginia Cavaliers : RHP Felipe Ortíz
|
Batting: RHB Jonathan Boyer
|
0-0: Fly out, F8 (Flyball, 8RM)
|
Batting: RHB Norm Martin
|
0-0: Called Strike 0-1: Foul Ball, location: 2F 0-2: Foul Ball, location: 2F 0-2: Foul Ball, location: 2F 0-2: Ball 1-2: Ball 2-2: Ball 3-2: Fly out, F2 (Popup, 23F)
|
Batting: RHB Curtis Lawson
|
0-0: Called Strike 0-1: Foul Ball, location: 2F 0-2: Ball 1-2: Foul Ball, location: 2F 1-2: Foul Ball, location: 2F 1-2: Ball 2-2: SOLO HOME RUN (Flyball, 9D), Distance : 363 ft
|
Batting: RHB David Stephens
|
0-0: Ground out 5-3 (Groundball, 56)
|
Top of the 4th over - 1 run, 1 hit, 0 errors, 0 left on base; Texas 1 - Virginia 0 |
BOTTOM OF THE 4TH |
Virginia Cavaliers batting - Pitching for Texas Longhorns : RHP Henry Casey
|
Batting: LHB Jack Davis
|
0-0: Ball 1-0: Ground out 6-3 (Groundball, 6)
|
Batting: LHB Randy Pérez
|
0-0: SOLO HOME RUN (Flyball, 9LD), Distance : 323 ft
|
Batting: RHB Randy Love
|
0-0: Ball 1-0: Fly out, F3 (Popup, 23F)
|
Batting: SHB Ed Hall
|
0-0: Called Strike 0-1: Ball 1-1: DOUBLE (Line Drive, 9LS)
|
Batting: RHB Anthony Scott
|
0-0: Swinging Strike 0-1: Ball 1-1: Ball 2-1: 2-RUN HOME RUN (Flyball, 7LD), Distance : 316 ft
|
Batting: RHB Mark Greene
|
0-0: Called Strike 0-1: Ball 1-1: Ball 2-1: Ground out U3 (Groundball, 34S)
|
Bottom of the 4th over - 3 runs, 3 hits, 0 errors, 0 left on base; Texas 1 - Virginia 3 |
TOP OF THE 5TH |
Texas Longhorns batting - Pitching for Virginia Cavaliers : RHP Felipe Ortíz
|
Batting: LHB Jim Davis
|
0-0: Called Strike 0-1: Ball 1-1: Foul Ball, location: 2F 1-2: Foul Ball, location: 2F 1-2: Foul Ball, location: 2F 1-2: Ball 2-2: Strikes out swinging
|
Batting: RHB Bob Pugh
|
0-0: Ball 1-0: Fly out, F9 (Flyball, 9)
|
Batting: LHB Matt Turner
|
0-0: Ball 1-0: DOUBLE (Line Drive, 9LM)
|
Batting: SHB Dave Hickman
|
0-0: Ball 1-0: SINGLE (Flyball, 78S) Matt Turner to third Runner from 3rd tries for Home, SAFE, no throw
|
Batting: LHB Bill Turner
|
0-0: Called Strike 0-1: Ground out 4-3 (Groundball, 4)
|
Top of the 5th over - 1 run, 2 hits, 0 errors, 1 left on base; Texas 2 - Virginia 3 |
BOTTOM OF THE 5TH |
Virginia Cavaliers batting - Pitching for Texas Longhorns : RHP Henry Casey
|
Batting: SHB Ed Andrews
|
0-0: Ball 1-0: Ground out 4-3 (Groundball, 4S)
|
Batting: LHB Andrés Méndez
|
0-0: Called Strike 0-1: Foul Ball, location: 2F 0-2: Strikes out swinging
|
Batting: LHB Jason Thompson
|
0-0: SINGLE (Flyball, 78S)
|
Batting: LHB Jack Davis
|
0-0: Ball 1-0: Foul Ball, location: 2F 1-1: Ground out U3 (Groundball, 3)
|
Bottom of the 5th over - 0 runs, 1 hit, 0 errors, 1 left on base; Texas 2 - Virginia 3 |
TOP OF THE 6TH |
Texas Longhorns batting - Pitching for Virginia Cavaliers : RHP Felipe Ortíz
|
Pitching: RHP Michael Crosby
|
|
Batting: RHB Jonathan Boyer
|
0-0: Ball 1-0: Ground out 5-3 (Groundball, 56)
|
Batting: RHB Norm Martin
|
0-0: Ball 1-0: Ball 2-0: Foul Ball, location: 2F 2-1: Ball 3-1: Foul Ball, location: 2F 3-2: Foul Ball, location: 2F 3-2: SOLO HOME RUN (Flyball, 7D), Distance : 361 ft
|
Batting: RHB Curtis Lawson
|
0-0: Ball 1-0: Ball 2-0: Called Strike 2-1: SINGLE (Groundball, 6M) (infield hit)
|
Batting: RHB David Stephens
|
0-0: Single, Error in OF, E7, batter to second base Curtis Lawson to third
|
Batting: LHB Jim Davis
|
0-0: Ball 1-0: Foul Ball, location: 2F 1-1: 3-RUN HOME RUN (Line Drive, 89XD), Distance : 370 ft
|
Pitching: LHP Henry Alemán
|
|
Batting: RHB Bob Pugh
|
0-0: Ball 1-0: Ball 2-0: Ball 3-0: Base on Balls
|
Pitching: RHP Dan Phillips
|
|
Batting: LHB Matt Turner
|
0-0: Ball Bob Pugh steals 2nd base 1-0: Called Strike 1-1: Fly out, F7 (Line Drive, 78M)
|
Batting: SHB Dave Hickman
|
0-0: Ball 1-0: Called Strike 1-1: Ground out U3 (Groundball, 34S)
|
Top of the 6th over - 4 runs, 4 hits, 1 error, 1 left on base; Texas 6 - Virginia 3 |
BOTTOM OF THE 6TH |
Virginia Cavaliers batting - Pitching for Texas Longhorns : RHP Henry Casey
|
Batting: LHB Randy Pérez
|
0-0: Fly out, F8 (Flyball, 8LD)
|
Batting: RHB Randy Love
|
0-0: Called Strike 0-1: Ball 1-1: Foul Ball, location: 2F 1-2: Foul Ball, location: 2F 1-2: Fly out, F8 (Flyball, 8RD)
|
Batting: SHB Ed Hall
|
0-0: Ball 1-0: Ball 2-0: Called Strike 2-1: Fly out, F3 (Line Drive, 3)
|
Bottom of the 6th over - 0 runs, 0 hits, 0 errors, 0 left on base; Texas 6 - Virginia 3 |
TOP OF THE 7TH |
Texas Longhorns batting - Pitching for Virginia Cavaliers : RHP Dan Phillips
|
Batting: LHB Bill Turner
|
0-0: Called Strike 0-1: Ball 1-1: Foul Ball, location: 2F 1-2: Strikes out swinging
|
Batting: RHB Jonathan Boyer
|
0-0: Ball 1-0: Ball 2-0: Ball 3-0: Base on Balls
|
Pitching: RHP Juan García
|
|
Batting: RHB Norm Martin
|
0-0: Foul Ball, location: 2F 0-1: Ball 1-1: Hit by Pitch Jonathan Boyer to second
|
Pinch Runner at 1st William Gilmore:
|
|
Batting: RHB Curtis Lawson
|
0-0: Ball 1-0: Ball 2-0: Foul Ball, location: 2F 2-1: Foul Ball, location: 2F 2-2: Strikes out swinging
|
Batting: RHB David Stephens
|
0-0: Called Strike 0-1: Ball 1-1: Ball 2-1: Ball 3-1: Base on Balls Jonathan Boyer to third William Gilmore to second
|
Pitching: RHP Ernie Jones
|
|
Batting: LHB Jim Davis
|
0-0: GRAND SLAM HOME RUN (Flyball, 9D), Distance : 356 ft
|
Batting: RHB Bob Pugh
|
0-0: Ground out 1-3 (Groundball, 13S)
|
Top of the 7th over - 4 runs, 1 hit, 0 errors, 0 left on base; Texas 10 - Virginia 3 |
BOTTOM OF THE 7TH |
Virginia Cavaliers batting - Pitching for Texas Longhorns : RHP Henry Casey
|
Pitching: RHP Matt Harrison
|
|
Now at 3B: William Gilmore
|
|
Batting: RHB Anthony Scott
|
0-0: Ball 1-0: Foul Ball, location: 2F 1-1: Ball 2-1: Swinging Strike 2-2: Foul Ball, location: 2F 2-2: Foul Ball, location: 2F 2-2: Strikes out swinging
|
Batting: RHB Mark Greene
|
0-0: Called Strike 0-1: Hit by Pitch
|
Batting: SHB Ed Andrews
|
0-0: Ball 1-0: Swinging Strike 1-1: Ball 2-1: Swinging Strike 2-2: Ball 3-2: Strikes out swinging
|
Batting: LHB Andrés Méndez
|
0-0: Ball 1-0: Ball 2-0: Ball 3-0: Called Strike 3-1: SINGLE (Groundball, 34D) Mark Greene to second Runner from 2nd tries for 3rd, SAFE, throw made to third
|
Batting: LHB Jason Thompson
|
0-0: Ball 1-0: Ball 2-0: Ball 3-0: Called Strike 3-1: Ground out 3-1 (Groundball, 34)
|
Bottom of the 7th over - 0 runs, 1 hit, 0 errors, 2 left on base; Texas 10 - Virginia 3 |
TOP OF THE 8TH |
Texas Longhorns batting - Pitching for Virginia Cavaliers : RHP Ernie Jones
|
Batting: LHB Matt Turner
|
0-0: Ball 1-0: Ball 2-0: Ball 3-0: Base on Balls
|
Batting: SHB Dave Hickman
|
0-0: Called Strike 0-1: Ball 1-1: Ball 2-1: Ball 3-1: Foul Ball, location: 2F 3-2: Base on Balls Matt Turner to second
|
Batting: LHB Bill Turner
|
0-0: Fly out, F8 (Flyball, 8LM)
|
Batting: RHB Jonathan Boyer
|
0-0: Ball 1-0: Ball 2-0: Called Strike 2-1: Ball 3-1: Swinging Strike 3-2: Base on Balls Matt Turner to third Dave Hickman to second
|
Batting: RHB William Gilmore
|
0-0: Ball 1-0: DOUBLE (Line Drive, 8RD) Matt Turner scores Dave Hickman scores Jonathan Boyer to third Runner from 3rd tries for Home, SAFE, no throw
|
Batting: RHB Curtis Lawson
|
0-0: Swinging Strike 0-1: Foul Ball, location: 2F 0-2: Fly out, F7 (Flyball, 7S)
|
Batting: RHB David Stephens
|
0-0: Called Strike William Gilmore steals 3rd base 0-1: Swinging Strike 0-2: Ball 1-2: Strikes out swinging
|
Top of the 8th over - 3 runs, 1 hit, 0 errors, 1 left on base; Texas 13 - Virginia 3 |
BOTTOM OF THE 8TH |
Virginia Cavaliers batting - Pitching for Texas Longhorns : RHP Matt Harrison
|
Batting: LHB Jack Davis
|
0-0: SOLO HOME RUN (Flyball, 89XD), Distance : 388 ft
|
Batting: LHB Randy Pérez
|
0-0: Ball 1-0: SINGLE (Groundball, 34S) (infield hit)
|
Batting: RHB Randy Love
|
0-0: Ball 1-0: Ball 2-0: Called Strike 2-1: Foul Ball, location: 2F 2-2: Ground out 5-3 (Groundball, 56S) Randy Pérez to second
|
Batting: SHB Ed Hall
|
0-0: Ball 1-0: Called Strike 1-1: Fly out, F4 (Popup, 4S)
|
Batting: RHB Anthony Scott
|
0-0: Fly out, F9 (Flyball, 89M)
|
Bottom of the 8th over - 1 run, 2 hits, 0 errors, 1 left on base; Texas 13 - Virginia 4 |
TOP OF THE 9TH |
Texas Longhorns batting - Pitching for Virginia Cavaliers : RHP Ernie Jones
|
Batting: LHB Jim Davis
|
0-0: Swinging Strike 0-1: Called Strike 0-2: Ball 1-2: Ball 2-2: Ball 3-2: Ground out 5-3 (Groundball, 5)
|
Batting: RHB Bob Pugh
|
0-0: Ball 1-0: Called Strike 1-1: Fly out, F7 (Flyball, 78S)
|
Batting: LHB Matt Turner
|
0-0: Ball 1-0: Ground out 4-3 (Groundball, 4S)
|
Top of the 9th over - 0 runs, 0 hits, 0 errors, 0 left on base; Texas 13 - Virginia 4 |
BOTTOM OF THE 9TH |
Virginia Cavaliers batting - Pitching for Texas Longhorns : RHP Matt Harrison
|
Batting: RHB Mark Greene
|
0-0: Ball 1-0: Ball 2-0: Called Strike 2-1: Ball 3-1: Foul Ball, location: 2F 3-2: Base on Balls
|
Batting: SHB Ed Andrews
|
0-0: Ball 1-0: Foul Ball, location: 2F 1-1: Foul Ball, location: 2F 1-2: Strikes out swinging
|
Batting: LHB Andrés Méndez
|
0-0: Called Strike 0-1: Ball 1-1: Called Strike 1-2: Ball 2-2: Strikes out swinging
|
Batting: LHB Jason Thompson
|
0-0: Ball 1-0: Swinging Strike 1-1: Ball 2-1: Foul Ball, location: 2F 2-2: Strikes out swinging
|
Bottom of the 9th over - 0 runs, 0 hits, 0 errors, 1 left on base; Texas 13 - Virginia 4 |
|